Map: Ascension to Aiur LE

Players

June

  • Race: Protoss Protoss
  • League: Gold
  • Spawn Location: 5:00

Yata - Winner!

  • Race: Zerg Zerg
  • League: Gold
  • Spawn Location: 11:00

VOD

Have the link to the VOD?

Description

Time

  • Played on: Sept. 7, 2017, 11:12 p.m.
  • Length: 18:57
Show
View Real Time Build Order
Export as new Build Order

June Protoss 

Build Orders: 1 Gate Expand 

Get SALT Encoding   

  12  0:01  Probe (Chrono Boost)  
  14  0:14  Probe (Chrono Boost)  
  14  0:20  Pylon  
  14  0:25  Probe (Chrono Boost)  
  15  0:38  Probe (Chrono Boost)  
  15  0:40  Gateway  
  16  0:52  Pylon  
  16  0:53  Probe (Chrono Boost)  
  17  1:14  Assimilator  
  17  1:24  Nexus  
  17  1:29  Probe (Chrono Boost)  
  18  1:34  Zealot  
  21  1:40  Probe (Chrono Boost)  
  21  1:45  Pylon  
  21  1:54  Cybernetics Core  
  21  2:01  Assimilator  
  21  2:05  Probe (Chrono Boost)  
  23  2:15  Probe (Chrono Boost)  
  23  2:31  Mothership Core (Chrono Boost)  
  25  2:37  Probe (Chrono Boost)  
  25  2:43  Warp Gate (Chrono Boost)  
  26  2:49  Pylon  
  26  2:52  Gateway  
  26  2:55  Gateway  
  26  3:02  Adept  
  26  3:05  Assimilator  
  28  3:09  Probe (Chrono Boost)  
  28  3:11  Probe (Chrono Boost)  
  30  3:23  Probe (Chrono Boost)  
  30  3:24  Stargate  
  31  3:28  Probe (Chrono Boost)  
  32  3:38  Gateway  
  32  3:40  Probe (Chrono Boost)  
  33  3:44  Probe (Chrono Boost)  
  33  3:45  Assimilator  
  34  3:54  Stalker  
  36  3:56  Probe (Chrono Boost)  
  36  4:02  Probe  
  38  4:10  Gateway  
  38  4:13  Pylon  
  35  4:41  Phoenix  
  37  4:49  Probe  
  38  4:56  Robotics Facility  
  38  5:01  Probe  
  38  5:06  Stalker x2  
  43  5:14  Phoenix (Chrono Boost)  
  45  5:16  Probe  
  45  5:17  Probe  
  47  5:30  Twilight Council  
  47  5:31  Probe  
  48  5:39  Phoenix (Chrono Boost)  
  50  5:46  Observer  
  50  5:47  Probe  
  52  5:50  Stalker  
  52  5:56  Probe  
  55  6:00  Probe  
  56  6:08  Observer  
  57  6:19  Stalker  
  57  6:20  Zealot  
  61  6:29  Templar Archives  
  61  6:37  Gateway  
  61  6:38  Gateway  
  60  6:51  Phoenix (Chrono Boost)  
  62  7:12  Zealot  
  62  7:13  Stalker x2  
  62  7:14  Stalker  
  70  7:21  Pylon  
  70  7:22  Pylon  
  70  7:39  Pylon, Phoenix (Chrono Boost)  
  70  7:42  Pylon, Psionic Storm  
  70  7:43  Pylon  
  72  7:46  Pylon  
  64  8:00  Zealot x2  
  64  8:01  Zealot x2  
  64  8:02  Zealot  
  72  8:31  Zealot x2  
  72  8:32  Zealot  
  72  8:33  High Templar x2  
  81  9:12  Robotics Bay  
  81  9:24  Zealot x2  
  63  9:25  Zealot x3  
  65  9:33  Probe  
  66  9:43  Probe  
  66  9:45  High Templar  
  69  9:46  High Templar  
  69  9:50  Nexus  
  69  9:52  Gateway  
  71  9:53  Gateway  
  71  10:03  Gateway  
  71  10:04  Gateway  
  63  10:21  High Templar x2  
  65  10:22  High Templar, Zealot  
  65  10:23  Stalker  
  65  10:24  Zealot x2  
  77  10:28  Archon  
  77  10:37  Observer  
  78  11:03  Stalker  
  78  11:04  Zealot, Stalker  
  82  11:05  Zealot  
  82  11:09  Pylon  
  82  11:10  Pylon  
  86  11:14  Forge  
  86  11:25  Assimilator  
  86  11:34  Stalker x2  
  86  11:35  Stalker  
  86  11:39  High Templar  
  94  11:41  Zealot x2  
  94  11:43  Probe  
  71  12:15  Stalker  
  71  12:16  Zealot, Stalker  
  71  12:17  Zealot  
  71  12:18  High Templar  
  71  12:19  Zealot  
  71  12:20  Zealot x2  
  87  12:27  Zealot x2  
  87  12:28  Zealot  
  93  12:48  Archon  
  54  13:47  Stalker  
  54  13:48  Stalker x3  
  58  13:49  Stalker  
  58  13:50  Stalker  
  58  13:52  Stalker  
  58  13:53  Stalker  
  62  14:01  Zealot x2  
  62  14:02  Zealot  
  68  14:16  High Templar x2  
  68  14:17  Probe  
  67  14:27  Probe  
  64  14:35  Stalker  
  64  14:36  Stalker  
  52  15:01  High Templar, Stalker  
  56  15:30  Nexus  
  56  15:35  Archon  
  56  15:38  High Templar x2  
  60  15:48  Stalker  
  62  16:03  Pylon  
  62  16:04  Zealot x3  
  64  16:05  Zealot x4  
  64  16:06  Zealot  
  78  16:25  Probe  
  79  16:35  Probe  
  80  16:53  Stalker x2  
  80  16:54  Stalker  
  86  16:56  High Templar  
  72  17:21  Pylon  
  72  17:26  Pylon  
  72  17:33  Pylon  
  67  18:03  Nexus  
  67  18:06  Stalker x2  
  67  18:10  Probe  
  42  18:35  Zealot, Stalker  
  40  18:44  Stalker  
Show
View Real Time Build Order
Export as new Build Order

Yata Zerg - Winner!

Build Orders: Hatch First, Muta Ling Bane 

Get SALT Encoding   

  12  0:01  Drone  
  13  0:12  Overlord  
  13  0:17  Drone  
  14  0:30  Drone x2  
  14  0:34  Drone  
  17  0:54  Hatchery  
  17  0:57  Drone  
  17  1:06  Drone  
  18  1:11  Extractor  
  17  1:20  Drone, Spawning Pool  
  17  1:22  Drone  
  18  1:28  Drone  
  19  1:39  Overlord  
  19  1:49  Drone  
  20  2:00  Drone  
  21  2:06  Queen  
  21  2:07  Queen  
  25  2:09  Zergling x2  
  25  2:11  Zergling x2  
  25  2:14  Metabolic Boost  
  27  2:17  Drone  
  27  2:21  Drone  
  29  2:27  Drone  
  30  2:32  Drone  
  30  2:36  Baneling Nest  
  30  2:47  Drone x2, Evolution Chamber  
  30  2:50  Drone  
  32  3:02  Drone x2  
  34  3:16  Drone x2  
  34  3:18  Overlord x3  
  36  3:26  Baneling x4  
  36  3:41  Drone x2  
  36  3:42  Drone x4  
  42  4:16  Hatchery  
  40  4:24  Zergling x14  
  46  4:34  Zerg Melee Weapons Level 1  
  46  4:35  Lair  
  46  4:38  Drone x4  
  50  4:53  Extractor, Drone x2  
  50  4:55  Queen  
  53  5:03  Drone  
  53  5:04  Drone x6  
  60  5:25  Overlord x3  
  60  5:32  Centrifical Hooks  
  60  5:37  Overlord x3  
  60  5:38  Evolution Chamber  
  59  5:47  Zergling x2  
  59  5:48  Zergling x12  
  66  5:52  Spore Crawler  
  66  5:53  Spore Crawler  
  66  5:56  Spore Crawler  
  63  6:09  Spore Crawler  
  62  6:11  Spore Crawler  
  62  6:13  Spore Crawler  
  60  6:29  Zerg Ground Armor Level 1, Zerg Melee Weapons Level 2  
  60  6:39  Zergling x12  
  65  6:40  Zergling x18  
  70  6:51  Baneling x3  
  70  6:52  Baneling x4  
  70  6:58  Extractor  
  70  6:59  Drone x7  
  70  7:00  Extractor, Drone x5  
  80  7:09  Extractor  
  80  7:10  Extractor  
  80  7:12  Baneling x4  
  78  7:20  Overlord x3  
  78  7:45  Spire  
  65  8:03  Zergling x8  
  65  8:04  Zergling x36  
  80  8:10  Queen  
  80  8:11  Queen  
  84  8:24  Queen  
  86  8:35  Overlord x3  
  86  8:40  Overlord  
  86  8:41  Overlord x6  
  86  8:46  Pneumatized Carapace  
  86  8:49  Baneling x3  
  86  8:50  Baneling x6  
  86  8:51  Baneling x3  
  86  8:58  Mutalisk  
  86  9:00  Corruptor x3  
  94  9:07  Drone  
  94  9:08  Drone x2  
  83  9:28  Zergling x2  
  83  9:29  Zergling x20  
  89  9:34  Baneling  
  89  9:35  Baneling x6  
  89  9:49  Corruptor x3  
  87  10:08  Corruptor x3  
  87  10:09  Corruptor  
  93  10:15  Zergling x6  
  96  10:29  Zergling x4  
  98  10:38  Hatchery  
  97  10:44  Zergling x4  
  97  10:45  Zergling x2  
  100  10:59  Hatchery  
  100  11:02  Zergling x2  
  100  11:03  Zergling x16  
  108  11:06  Baneling x3  
  108  11:07  Baneling  
  108  11:11  Zerg Flyer Armor Level 1  
  108  11:19  Infestation Pit  
  108  11:24  Zergling x4  
  108  11:25  Zergling x8  
  110  11:30  Overlord  
  110  11:37  Baneling x4  
  110  11:38  Baneling x6  
  110  11:51  Drone x7  
  92  12:06  Zergling x2  
  92  12:07  Zergling x16  
  92  12:08  Zergling x2  
  96  12:23  Queen  
  96  12:27  Zergling x2  
  96  12:28  Zergling x18  
  108  12:30  Baneling  
  108  12:31  Baneling x4  
  108  12:36  Zergling x6  
  112  12:37  Zergling x2  
  100  12:54  Zergling x4  
  100  12:55  Zergling x18  
  101  13:04  Zergling x8  
  101  13:05  Zergling x4  
  106  13:07  Baneling  
  106  13:08  Baneling  
  106  13:10  Zergling x2  
  106  13:11  Zergling x2  
  108  13:18  Zergling x8  
  102  13:22  Zergling x2  
  97  13:27  Zergling x2  
  97  13:28  Zergling x8  
  95  13:39  Zergling x12  
  71  13:59  Zergling x14  
  71  14:00  Zergling x2  
  74  14:05  Zergling x2  
  71  14:13  Zergling x8  
  73  14:21  Zergling x6  
  70  14:35  Drone x4  
  70  14:36  Drone  
  74  14:42  Queen  
  70  14:49  Zergling x6  
  71  14:59  Drone x4  
  75  15:12  Drone x4  
  79  15:23  Zerg Flyer Weapons Level 1  
  79  15:47  Drone x14  
  79  15:48  Drone  
  94  15:56  Queen  
  96  16:03  Drone x4  
  96  16:04  Drone  
  101  16:10  Drone x3  
  104  16:34  Zergling x8  
  104  16:35  Zergling x10  
  113  16:42  Hatchery  
  111  16:54  Zergling x12  
  111  16:55  Zergling x4  
  111  17:01  Hive  
  112  17:02  Queen  
  111  17:20  Zergling x2  
  111  17:21  Zergling x20  
  108  17:53  Zergling x2  
  108  17:54  Zergling x26  
  108  17:56  Hatchery  
  116  18:08  Baneling x4  
  116  18:09  Baneling x4  
  116  18:11  Drone x5  
  121  18:13  Zergling x18  
  125  18:30  Zergling x2  
  125  18:31  Zergling x22  
  134  18:39  Zergling x4  
  134  18:40  Zergling x6  
Tags
 
Add a new tag
Caveats
  • Supply blocks, unpowered buildings, or Contaminate may cause inaccurate times.
  • Supply counts are checked every 10 seconds.